 Dungeon Crawl Stone Soup version 0.18-a0-721-g8fc53f4 (webtiles) character file.

51 Ijustatesigmund the Poker (level 3, -3/28 HPs)
             Began as a Merfolk Skald on Dec 8, 2015.
             Killed by divine providence
             ... invoked by an orc priest
              (9 damage)
             ... on level 3 of the Dungeon.
             The game lasted 00:08:16 (1620 turns).

Ijustatesigmund the Poker (Merfolk Skald)           Turns: 1620, Time: 00:08:16

Health: -3/28      AC:  5    Str: 12    XL:     3   Next: 81%
Magic:  0/6        EV: 13    Int: 15    God:
Gold:   61         SH:  0    Dex: 13    Spells: 3 memorised, 1 level left

rFire  + . .     SeeInvis .     a - +0 spear
rCold  . . .     Clarity  .     l - +2 leather armour {rF+}
rNeg   . . .     SustAt   .     (no shield)
rPois  .         Gourm    .     (no helmet)
rElec  .         Spirit   .     (no cloak)
rCorr  .         Dismiss  .     (no gloves)
rMut   .         Stasis   .     (no boots)
MR     .....                    (no amulet)
Stlth  +.........               (no ring)
                                n - +3 ring of intelligence

@: infused, not resistant to hostile enchantments, very unstealthy
A: change form in water, swift swim
a: no special abilities


You were on level 3 of the Dungeon.
You were hungry.

You visited 1 branch of the dungeon, and saw 3 of its levels.

You collected 61 gold pieces.

Inventory:

Hand Weapons
 a - a +0 spear (weapon)
Missiles
 j - 4 javelins of penetration (quivered)
Armour
 l - a +2 leather armour of fire resistance (worn)
Jewellery
 n - a +3 ring of intelligence (left hand)
Scrolls
 e - a scroll of remove curse
 o - 2 scrolls of blinking
Potions
 m - 2 potions of flight
Books
 c - a book of Battle

   Spells                             Type                      Level
   a - Infusion                       Charms                       1
   b - Shroud of Golubria             Charms/Translocation         2
   c - Song of Slaying                Charms                       2
   d - Spectral Weapon                Hexes/Charms                 3
   e - Regeneration                   Charms/Necromancy            3
Comestibles
 b - 2 chunks of flesh
 d - a bread ration
 f - 2 beef jerkies
 g - a meat ration


   Skills:
 + Level 2.5 Fighting
 - Level 4.0 Polearms
 - Level 0.6 Armour
 + Level 3.6 Dodging
 - Level 2.0 Spellcasting
 + Level 3.3 Charms


You had one spell level left.
You knew the following spells:

 Your Spells              Type           Power        Failure   Level  Hunger
a - Infusion              Chrm           ##....       10%         1    #......
b - Song of Slaying       Chrm           ##......     14%         2    ###....
c - Shroud of Golubria    Chrm/Tloc      #.........   24%         2    ###....


Dungeon Overview and Level Annotations

Branches:
Dungeon (3/15)

Altars:
Dithmenos
Nemelex Xobeh
Ru
Trog
Yredelemnul

Annotations:
D:2 Terence


Message History

You hit the orc priest.
The orc priest is severely wounded.
The orc priest hits you.
You hit the orc priest.
The orc priest is severely wounded.
The orc priest hits you.
You hit the orc priest but do no damage.
The orc priest is severely wounded.
The orc priest barely misses you.
You hit the orc priest.
The orc priest is almost dead.
The orc priest invokes the aid of Beogh against you.
Something smites you!
Ouch! That really hurt!
* * * LOW HITPOINT WARNING * * *
You hit the orc priest but do no damage.
The orc priest is almost dead.
The orc priest invokes the aid of Beogh against you.
Something smites you!
You die...

###################
...............)@(#
#################o#
o #.# ...
..#####.##.....
.>.............
............o..
..#####.##..... #.#
##### #.#


You could see an orc priest.

Vanquished Creatures
  An ooze (D:2)
  A worm (D:2)
  2 giant geckos (D:1)
  2 orcs (D:3)
  3 bats
  A giant cockroach (D:1)
  7 goblins
  6 hobgoblins
  6 kobolds
  A giant newt (D:1)
  9 rats
39 creatures vanquished.

Notes
Turn   | Place    | Note
--------------------------------------------------------------
     0 | D:1      | Ijustatesigmund the Merfolk Skald began the quest for the Orb.
     0 | D:1      | Reached XP level 1. HP: 16/16 MP: 3/3
   212 | D:1      | Reached XP level 2. HP: 23/23 MP: 5/5
   216 | D:1      | Learned a level 2 spell: Song of Slaying
   219 | D:1      | Learned a level 2 spell: Shroud of Golubria
   602 | D:1      | Reached XP level 3. HP: 28/28 MP: 6/6
  1026 | D:2      | Found a bloodstained altar of Trog.
  1078 | D:2      | Found a shadowy altar of Dithmenos.
  1192 | D:2      | Found a sparkling altar of Nemelex Xobeh.
  1202 | D:2      | Found a sacrificial altar of Ru.
  1221 | D:2      | Reached skill level 4 in Polearms
  1237 | D:2      | Found a basalt altar of Yredelemnul.
  1446 | D:2      | Noticed Terence
  1620 | D:3      | Killed from afar by an orc priest

Vault maps used:
D:1:      tarquinn_simple_flora_water_f
D:2:      nicolae_overflow_quartered_altars, glass_columns_a,
          yredelemnul_altar_generic, uniq_terence
D:3:      elyvilon_altar_4, overflow_temple_1_default

Action                   || total
-------------------------++-------
Melee: Spear             ||   135
Throw: Javelin           ||     4
 Cast: Infusion          ||     9
  Use: Scroll            ||     5
 Stab: Sleeping          ||     1
  Eat: Chunk             ||     2
